 Dungeon Crawl Stone Soup version 0.17-a0-1718-g72dbe4d (webtiles) character file.

1696 KambridgeKobold the Basher (level 8, -1/74 HPs)
             Began as a Minotaur Fighter on Aug 25, 2015.
             Was a Follower of Ashenzari.
             Slain by an orc warrior
             ... wielding a +0 broad axe
              (5 damage)
             ... in a bailey.
             The game lasted 00:52:28 (6746 turns).

KambridgeKobold the Basher (Minotaur Fighter)       Turns: 6746, Time: 00:52:28

Health: -1/74      AC: 13    Str: 28    XL:     8   Next: 72%
Magic:  1/7        EV:  8    Int:  5    God:    Ashenzari [*.....]
Gold:   369        SH:  0    Dex: 12    Spells: 0 memorised, 7 levels left

rFire  + . .     SeeInvis .     w - +2 whip (freeze) (curse)
rCold  . . .     Clarity  .     u - +0 chain mail (curse)
rNeg   . . .     SustAt   +     (no shield)
rPois  .         Gourm    .     (helmet restricted)
rElec  .         Spirit   .     Q - +0 cloak (curse)
rCorr  .         Warding  .     j - +0 pair of gloves (curse)
rMut   .         Stasis   .     (no boots)
MR     .....                    (no amulet)
Stlth  ..........               N - ring of protection from fire (curse)
                                h - ring of sustain attributes (curse)

@: mighty, not resistant to hostile enchantments, extremely unstealthy
A: retaliatory headbutt, horns 2, talons 1, strong 1, MP-powered wands
a: Scrying, Renounce Religion


You were in a bailey.
You worshipped Ashenzari.
Ashenzari was aware of your devotion.
You were hungry.

You visited 2 branches of the dungeon, and saw 8 of its levels.
You also visited: Bailey.

You collected 369 gold pieces.

Inventory:

Hand weapons
 a - a +0 flail
 f - a +0 whip
 p - a +0 hunting sling
 w - a cursed +2 whip of freezing (weapon)
 y - a +0 spear
 F - a +0 hunting sling of evasion
 O - a +4 hammer of draining
 S - a +0 flail
Missiles
 l - 60 sling bullets
 n - 16 tomahawks of returning (quivered)
 o - 4 javelins
 L - 3 tomahawks
Armour
 b - a +0 scale mail
 c - a +0 shield
 j - a cursed +0 pair of gloves (worn)
 u - a cursed +0 chain mail (worn)
 Q - a cursed +0 cloak (worn)
Jewellery
 h - a cursed ring of sustain attributes (left hand)
 N - a cursed ring of protection from fire (right hand)
Magical devices
 r - a wand of fire (4)
 K - a wand of cold (9)
 P - a wand of random effects (26)
 R - a wand of polymorph (19)
 T - a wand of heal wounds (3)
Scrolls
 g - 3 scrolls of curse armour
 q - 4 scrolls of remove curse
 s - 2 scrolls of fear {unknown}
 t - 3 scrolls of teleportation {unknown}
 x - a scroll of identify
 z - a scroll of enchant weapon {unknown}
 B - 2 scrolls of random uselessness {unknown}
 D - 2 scrolls of recharging
 E - 3 scrolls of enchant armour {unknown}
 G - a scroll of blinking {unknown}
 J - a scroll of magic mapping
Potions
 k - a potion of lignification {unknown}
 v - 3 potions of haste
 A - 3 potions of agility
 C - 2 potions of curing
 H - a potion of mutation {unknown}
Comestibles
 e - 5 bread rations
 i - a slice of pizza
 m - 2 royal jellies
 I - a beef jerky


   Skills:
 + Level 7.7 Fighting
 + Level 8.8 Maces & Flails
 - Level 2.1 Throwing
 + Level 8.1 Armour
 - Level 3.6 Shields


You had 7 spell levels left.
You didn't know any spells.

Dungeon Overview and Level Annotations

Branches:
Dungeon (7/15)             Temple (1/1) D:4

Altars:
Ashenzari
Cheibriados
Dithmenos
Elyvilon
Kikubaaqudgha
Makhleb
Okawaru
Qazlal
Ru
Sif Muna
Trog
Xom
Yredelemnul
Zin
The Shining One


Innate Abilities, Weirdness & Mutations

You reflexively headbutt those who attack you in melee.
You have a pair of horns on your head.
You have sharp toenails.
Your muscles are strong. (Str +2)
You expend magic power (3 MP) to strengthen your wands.


Message History

You closely miss the orc knight. Your kick misses the orc knight.
You headbutt the orc knight, but do no damage.
The orc knight is lightly wounded.
The orc warrior hits you but does no damage.
You barely miss the orc knight.
You claw the orc knight, but do no damage.
The orc knight is lightly wounded.
The orc knight hits you with a war axe.
You closely miss the orc knight.
You claw the orc knight, but do no damage.
You headbutt the orc knight.
The orc knight is lightly wounded.
The orc warrior hits you with a broad axe!!
* * * LOW HITPOINT WARNING * * *
Drink which item? (? for menu, Esc to quit)
You feel very mighty all of a sudden. The orc knight hits you with a war axe!
* * * LOW HITPOINT WARNING * * *
The orc warrior hits you with a broad axe.
You die...

##≈≈.......≈≈###
.'≈≈.......≈≈'.
##≈≈.......≈≈###
.'≈≈.......≈≈'.
##≈≈...))..≈≈##
+≈≈.......≈≈'.
#≈≈...†...≈≈##
##≈.......≈##
####†@)####
##..oo.##
#∩?...)∩#
#...8...#
##.....##
###'### ... ...
...


You could see an orc knight and an orc warrior (frenzied).

Vanquished Creatures
  A trapdoor spider (Bailey)
  Eustachio (D:6)
  Menkaure (D:6)
  A black bear (D:6)
  2 sky beasts (D:5)
  An orc warrior (Bailey)
  Blork the orc (D:6)
  A scorpion (D:4)
  4 crimson imps
  3 hounds
  2 jellies (D:5)
  Crazy Yiuf (D:6)
  An orc priest (D:6)
  3 orc wizards (D:6)
  4 worker ants
  3 hound zombies
  A worker ant zombie (D:5)
  7 gnolls
  7 adders
  An ooze (D:1)
  An adder skeleton (D:4)
  2 worms
  2 giant geckos
  9 orcs
  9 bats
  2 giant cockroaches
  13 goblins
  8 hobgoblins
  8 jackals
  12 kobolds
  4 quokkas
  A ball python (D:4)
  A giant gecko skeleton (D:6)
  4 giant newts
  A jackal skeleton (D:5)
  A quokka skeleton (D:6)
  18 rats
142 creatures vanquished.

Notes
Turn   | Place    | Note
--------------------------------------------------------------
     0 | D:1      | KambridgeKobold the Minotaur Fighter began the quest for the Orb.
     0 | D:1      | Reached XP level 1. HP: 19/19 MP: 0/0
   276 | D:1      | Reached skill level 4 in Fighting
   276 | D:1      | Reached XP level 2. HP: 25/27 MP: 1/1
   703 | D:1      | Reached XP level 3. HP: 33/33 MP: 2/2
  1202 | D:2      | Found a deep blue altar of Sif Muna.
  1581 | D:2      | Reached XP level 4. HP: 21/40 MP: 3/3
  1776 | D:2      | Reached skill level 5 in Armour
  1923 | D:2      | Reached XP level 5. HP: 43/46 MP: 4/4
  2325 | D:3      | Reached skill level 5 in Maces & Flails
  3193 | D:4      | Reached skill level 6 in Armour
  3193 | D:4      | Reached XP level 6. HP: 38/52 MP: 5/5
  3305 | D:4      | Found a staircase to the Ecumenical Temple.
  3316 | Temple   | Entered the Ecumenical Temple
  3552 | Temple   | Became a worshipper of Ashenzari the Shackled
  3867 | D:5      | Entered Level 5 of the Dungeon
  3949 | D:5      | Found a white marble altar of Elyvilon.
  3949 | D:5      | Found an iron altar of Okawaru.
  4122 | D:5      | Gained mutation: You expend magic power (3 MP) to strengthen your wands. [mutagenic meat]
  4127 | D:5      | Gained mutation: You have sharp toenails. [mutagenic meat]
  4196 | D:5      | Gained mutation: Your muscles are strong. (Str +2) [mutagenic meat]
  4393 | D:5      | Found a stormy altar of Qazlal.
  4418 | D:5      | Reached skill level 5 in Fighting
  4418 | D:5      | Reached XP level 7. HP: 52/61 MP: 6/6
  4512 | D:5      | Found a shadowy altar of Dithmenos.
  4573 | D:5      | Acquired Ashenzari's first power
  4657 | D:5      | Reached skill level 7 in Armour
  4788 | D:6      | Noticed Blork the orc
  4789 | D:6      | Noticed Menkaure
  4795 | D:6      | Killed Blork the orc
  4804 | D:6      | Killed Menkaure
  4805 | D:6      | Noticed Eustachio
  5168 | D:6      | Found a sacrificial altar of Ru.
  5345 | D:6      | Noticed Crazy Yiuf
  5356 | D:6      | Killed Crazy Yiuf
  5505 | D:6      | Found a burning altar of Makhleb.
  5506 | D:6      | Found a shimmering altar of Xom.
  5684 | D:6      | Reached XP level 8. HP: 70/70 MP: 7/7
  6044 | D:6      | Reached skill level 8 in Armour
  6075 | D:6      | Killed Eustachio
  6220 | D:7      | Found a flagged portal.
  6348 | Bailey   | Entered a bailey
  6410 | Bailey   | Noticed an orc knight
  6431 | Bailey   | an orc knight changed into a trapdoor spider
  6735 | Bailey   | Noticed an orc knight
  6746 | Bailey   | Slain by an orc warrior

Vault maps used:
D:1:      elethiomel_arrival_maze, minmay_rat_gold_closets
D:2:      led_sif_pool, serial_co_window_serial, co_window_paths_a,
          co_window_paths_a, co_window_paths_a, co_window_paths_b,
          co_window_paths_a, co_window_broadway_c, co_window_broadway_c,
          co_window_paths_c, glass_columns_a, minmay_box_of_dots
D:3:      first_bread
D:4:      minmay_temple_entry_glassed_door
D:5:      old_standard_altar, grunt_qazlal_clouds,
          gammafunk_temple_overflow_wave
D:6:      grunt_temple_overflow_champion_of_chaos, lemuel_round_altar,
          due_unseen_surprise, uniq_menkaure, uniq_crazy_yiuf_cottage,
          uniq_blork_the_orc, uniq_eustachio
D:7:      enter_bailey_8
Temple:   temple_island_7
Bailey:   bailey_axe_3, bailey

Action                   |  1- 3 |  4- 6 |  7- 9 || total
-------------------------+-------+-------+-------++-------
Melee: Whip              |    96 |   149 |   175 ||   420
       Unarmed           |       |       |    22 ||    22
Throw: Tomahawk          |       |       |    11 ||    11
       Javelin           |       |       |     1 ||     1
Evoke: Wand              |       |       |     3 ||     3
  Use: Scroll            |       |     7 |     7 ||    14
       Potion            |       |       |     1 ||     1
  Eat: Chunk             |     2 |    12 |     7 ||    21
